Map: Thunderbird LE

Players

Dolan - Winner!

  • Race: Terran Terran
  • Spawn Location: 11:00

Mode

  • Race: Zerg Zerg
  • Spawn Location: 5:00

VOD

Have the link to the VOD?

Description

Time

  • Played on: Sept. 6, 2019, 1:17 p.m.
  • Length: 6:03
Show
View Real Time Build Order
Export as new Build Order

Dolan Terran - Winner!

Build Orders: Gas First Reaper Expand, Liberator Opening 

Get SALT Encoding   

  12  0:00  SCV  
  13  0:12  SCV  
  14  0:18  Supply Depot  
  14  0:24  SCV  
  14  0:27  Refinery  
  15  0:39  SCV  
  16  0:44  Barracks  
  16  0:51  SCV  
  17  1:03  SCV  
  18  1:16  SCV  
  19  1:30  Orbital Command  
  19  1:31  Reaper  
  20  1:49  Command Center  
  20  1:57  SCV  
  20  2:01  Factory  
  21  2:06  Barracks Reactor  
  21  2:09  SCV  
  21  2:13  Supply Depot  
  22  2:16  Refinery  
  22  2:21  SCV  
  23  2:35  SCV  
  24  2:46  Starport  
  24  2:47  SCV  
  24  2:51  Marine  
  26  2:52  Hellion x2  
  30  3:00  SCV  
  30  3:03  Orbital Command  
  31  3:08  Liberator  
  31  3:11  Barracks Tech Lab  
  31  3:14  SCV  
  32  3:21  Hellion x2  
  39  3:31  SCV x2  
  41  3:39  Supply Depot  
  41  3:42  Barracks Tech Lab  
  41  3:47  SCV x2  
  43  3:51  Siege Tank  
  46  4:01  Marine, SCV x2  
  46  4:02  Stimpack, Supply Depot  
  49  4:16  SCV x2  
  49  4:31  Marine, Siege Tank  
  42  4:33  Starport Reactor  
  42  4:35  Barracks, SCV x2  
  42  4:36  Barracks  
  48  4:45  Command Center  
  48  4:52  Bunker  
  48  4:53  Marine  
  48  4:54  Supply Depot  
  48  4:55  Supply Depot  
  48  4:56  SCV x2  
  51  5:05  Command Center  
  51  5:09  SCV  
  51  5:10  SCV  
  53  5:17  Engineering Bay x2  
  53  5:22  SCV  
  53  5:26  Siege Tank  
  53  5:28  SCV  
  58  5:31  Refinery  
  58  5:32  Starport Reactor  
  58  5:33  Refinery  
  58  5:39  Marine x3  
  58  5:40  Marine x2  
  58  5:42  SCV x2  
Show
View Real Time Build Order
Export as new Build Order

Mode Zerg 

Build Orders: Hatch First 

Get SALT Encoding   

  12  0:01  Drone  
  13  0:12  Overlord  
  13  0:17  Drone  
  14  0:31  Drone x2  
  14  0:35  Drone  
  17  0:54  Hatchery  
  16  0:57  Drone  
  16  1:00  Extractor  
  16  1:01  Drone  
  17  1:15  Spawning Pool  
  16  1:19  Drone  
  16  1:25  Drone  
  18  1:34  Drone  
  19  1:42  Overlord  
  19  2:12  Queen  
  19  2:14  Metabolic Boost  
  21  2:16  Queen  
  21  2:18  Zergling x6  
  21  2:19  Drone x2  
  28  2:28  Drone  
  29  2:31  Drone  
  30  2:44  Drone x2  
  30  2:50  Drone  
  31  2:51  Drone  
  31  2:56  Queen  
  34  2:58  Queen  
  36  3:12  Overlord x2  
  35  3:22  Overlord  
  35  3:28  Overlord  
  35  3:41  Baneling Nest  
  34  3:53  Zergling x4  
  34  3:54  Zergling x2, Drone x4  
  41  3:55  Drone  
  41  3:58  Drone  
  41  4:00  Hatchery  
  42  4:03  Drone x2  
  42  4:09  Zergling x4  
  42  4:22  Zergling x4  
  36  4:27  Zergling x2  
  36  4:28  Drone x3  
  32  4:35  Zergling x4  
  34  4:39  Zergling x2  
  35  4:54  Zergling x8  
  39  5:03  Zergling x4  
  39  5:06  Zergling x2  
  43  5:10  Zergling x2  
  41  5:16  Zergling x6  
  38  5:23  Zergling x4  
  40  5:31  Zergling x2  
  40  5:33  Baneling x2  
  40  5:44  Zergling x2  
Tags
 
Add a new tag
Caveats
  • Supply blocks, unpowered buildings, or Contaminate may cause inaccurate times.
  • Supply counts are checked every 10 seconds.